Map: 궤도 조선소

Players

qxc

  • Race: Terran Terran
  • League: Diamond

BIGBOY (Patience) - Winner!

  • Race: Protoss Protoss
  • League: Diamond

Event: ASL Season 5 Prime League LOTV Beta

VOD

Have the link to the VOD?

Description

Time

  • Played on: Sept. 21, 2015, 12:33 p.m.
  • Length: 8:34

All games in this series

Show
View Real Time Build Order
Export as new Build Order

qxc Terran 

Build Orders: MMM Bio 

Get SALT Encoding   

  12  0:00  SCV  
  13  0:13  SCV  
  14  0:18  Supply Depot  
  14  0:25  SCV  
  15  0:40  SCV  
  16  0:43  Barracks  
  16  0:46  Refinery  
  16  0:52  SCV  
  17  1:04  SCV  
  18  1:16  SCV  
  19  1:29  Orbital Command  
  19  1:30  Barracks Reactor  
  19  1:41  Command Center  
  19  1:51  Supply Depot  
  19  1:55  SCV  
  20  2:06  Barracks, Marine x2  
  23  2:08  SCV  
  23  2:20  SCV, Barracks  
  24  2:24  Marine x2  
  26  2:32  SCV  
  27  2:41  Bunker  
  27  2:42  Marine x2  
  29  2:44  SCV  
  30  2:53  Barracks Tech Lab  
  30  2:56  Orbital Command  
  30  2:57  SCV  
  31  3:00  Marine x2  
  33  3:08  Marine  
  33  3:09  SCV  
  35  3:13  Marine  
  35  3:18  Marine  
  35  3:19  Marine  
  37  3:21  SCV  
  37  3:24  SCV, Stimpack  
  39  3:31  Marine  
  39  3:32  Supply Depot, Marine  
  39  3:33  SCV  
  42  3:36  SCV, Marine  
  44  3:42  Engineering Bay, Marine  
  44  3:45  SCV  
  46  3:54  SCV, Marine x2  
  46  3:55  Supply Depot  
  49  3:57  SCV  
  49  3:58  Marine  
  49  4:01  Marine  
  52  4:06  SCV  
  53  4:11  Missile Turret  
  53  4:14  Missile Turret, Marine  
  53  4:16  Marine x2  
  53  4:17  Missile Turret  
  56  4:19  SCV  
  56  4:23  SCV  
  58  4:30  Supply Depot, Factory  
  59  4:31  SCV  
  59  4:38  Marine x3  
  60  4:42  Supply Depot, Refinery  
  62  4:46  Terran Infantry Weapons Level 1  
  62  4:52  SCV x2, Refinery, Marine  
  65  4:54  Supply Depot  
  65  4:59  Marine x2  
  65  5:00  Marine  
  65  5:04  SCV, Supply Depot  
  69  5:07  SCV  
  69  5:10  Marine  
  71  5:15  Supply Depot  
  71  5:16  SCV  
  71  5:19  SCV  
  71  5:20  Factory Reactor  
  73  5:22  Starport  
  73  5:25  Marine x2  
  73  5:26  Marine  
  77  5:28  SCV  
  77  5:29  Marine  
  77  5:31  SCV  
  77  5:33  Combat Shields  
  79  5:36  Refinery  
  79  5:40  SCV  
  80  5:43  SCV  
  80  5:46  Marine x3  
  80  5:47  Command Center  
  80  5:49  Marine  
  85  5:55  SCV  
  85  5:56  Supply Depot, SCV  
  87  6:06  Medivac x2  
  87  6:07  SCV  
  87  6:08  SCV  
  93  6:16  Barracks Tech Lab  
  93  6:19  Barracks  
  93  6:20  SCV, Barracks, Marine  
  93  6:21  Marauder, Marine  
  93  6:24  SCV, Factory Reactor  
  99  6:33  SCV, Missile Turret  
  99  6:35  Missile Turret  
  99  6:36  Concussive Shells, Medivac x2  
  104  6:41  SCV  
  104  6:46  Marauder x2, Marine  
  100  6:48  SCV  
  100  6:53  SCV  
  102  6:58  Bunker, Marine  
  102  7:01  Orbital Command  
  101  7:12  Marauder x2  
  94  7:16  Medivac x2, Widow Mine x2  
  94  7:19  Marine  
  94  7:20  Marine  
  94  7:21  Marine  
  103  7:26  Marine  
  104  7:31  Supply Depot  
  104  7:33  Marauder  
  105  7:42  Marauder  
  105  7:44  Marine  
  107  7:45  Widow Mine x2  
  107  7:47  Medivac  
  107  7:51  Medivac  
  108  7:54  Marine  
  99  8:01  Marine  
  99  8:03  Marauder  
  94  8:12  Marine  
  92  8:15  Barracks  
  100  8:22  Barracks Reactor  
Show
View Real Time Build Order
Export as new Build Order

BIGBOY Protoss - Winner!

Build Orders: 1 Gate Expand 

Get SALT Encoding   

  12  0:00  Probe (Chrono Boost)  
  13  0:11  Probe (Chrono Boost)  
  14  0:18  Pylon  
  14  0:21  Probe (Chrono Boost)  
  15  0:35  Probe (Chrono Boost)  
  15  0:36  Gateway  
  16  0:45  Probe (Chrono Boost)  
  17  0:52  Assimilator  
  17  0:55  Probe (Chrono Boost)  
  18  1:05  Probe (Chrono Boost)  
  19  1:15  Probe (Chrono Boost)  
  20  1:22  Nexus  
  20  1:25  Probe (Chrono Boost)  
  21  1:34  Cybernetics Core  
  21  1:36  Probe (Chrono Boost)  
  22  1:45  Pylon  
  22  1:46  Probe (Chrono Boost)  
  23  1:52  Assimilator  
  23  2:03  Probe (Chrono Boost)  
  23  2:08  Pylon  
  24  2:12  Adept (Chrono Boost)  
  24  2:13  Mothership Core (Chrono Boost)  
  24  2:14  Warp Gate (Chrono Boost)  
  28  2:34  Probe (Chrono Boost)  
  28  2:35  Probe (Chrono Boost)  
  30  2:42  Robotics Facility  
  30  2:44  Probe (Chrono Boost)  
  30  2:45  Probe (Chrono Boost)  
  32  2:54  Probe (Chrono Boost), Adept  
  32  2:55  Probe (Chrono Boost)  
  36  3:04  Probe (Chrono Boost)  
  36  3:05  Probe (Chrono Boost)  
  38  3:14  Probe (Chrono Boost)  
  38  3:15  Probe (Chrono Boost)  
  38  3:19  Gateway  
  40  3:21  Gateway  
  40  3:23  Gateway  
  40  3:27  Probe (Chrono Boost)  
  40  3:30  Warp Prism (Chrono Boost)  
  43  3:37  Probe  
  43  3:39  Probe  
  45  3:48  Twilight Council  
  45  3:50  Pylon  
  45  3:51  Probe x2  
  47  4:01  Observer (Chrono Boost)  
  48  4:06  Probe x2 (Chrono Boost), Pylon  
  50  4:18  Observer, Blink (Chrono Boost)  
  51  4:24  Nexus, Pylon  
  51  4:28  Probe, Assimilator  
  51  4:30  Probe  
  51  4:31  Assimilator  
  52  4:37  Adept x3  
  59  4:40  Probe  
  59  4:41  Probe  
  59  4:42  Observer  
  62  4:51  Probe, Pylon  
  62  4:52  Probe  
  64  5:01  Probe  
  64  5:04  Probe  
  66  5:08  Gateway  
  66  5:09  Gateway  
  66  5:13  Gateway, Pylon  
  66  5:14  Pylon  
  66  5:15  Probe  
  66  5:17  Probe  
  66  5:19  Sentry x2  
  72  5:28  Sentry  
  72  5:29  Sentry, Probe  
  72  5:30  Probe  
  72  5:31  Pylon  
  78  5:38  Gateway x2  
  78  5:41  Probe  
  79  5:45  Stalker x2  
  83  6:00  Warp Prism  
  83  6:02  Probe x2  
  85  6:04  Probe  
  85  6:06  Assimilator  
  85  6:08  Stalker x3  
  85  6:11  Assimilator  
  93  6:13  Stalker  
  93  6:15  Stalker  
  93  6:17  Probe  
  93  6:18  Probe  
  97  6:19  Probe  
  97  6:25  Stalker x2  
  102  6:32  Probe  
  105  6:33  Probe x2  
  107  6:51  Stalker x4  
  114  6:54  Stalker x3  
  114  6:55  Probe x2  
  114  6:57  Probe  
  123  7:01  Shield Upgrade (Chrono Boost)  
  117  7:15  Sentry x2  
  122  7:25  Adept  
  122  7:28  Adept x2  
  125  7:30  Pylon  
  125  7:32  Pylon  
  125  7:33  Pylon  
  125  7:36  Forge  
  125  7:37  Forge  
  125  7:41  Sentry x4  
  123  7:55  Adept  
  123  7:56  Adept x4  
  107  8:06  Adept x4  
  115  8:16  Adept x4  
  115  8:17  Adept  
  125  8:27  Adept x4  
Tags
 
Add a new tag
Caveats
  • Supply blocks, unpowered buildings, or Contaminate may cause inaccurate times.
  • Supply counts are checked every 10 seconds.